Map: Catalyst LE

Players

Infamous - Winner!

  • Race: Zerg Zerg
  • Spawn Location: 5:00

A.I. 1 (Very Easy)

  • Race: Zerg Zerg
  • Spawn Location: 11:00

VOD

Have the link to the VOD?

Description

Time

  • Played on: April 24, 2018, 12:58 p.m.
  • Length: 12:19
Show
View Real Time Build Order
Export as new Build Order

Infamous Zerg - Winner!

Build Orders: Hatch First 

Get SALT Encoding   

  12  0:09  Drone x2  
  14  0:22  Overlord  
  14  0:40  Drone x2  
  16  1:00  Drone x2  
  16  1:03  Hatchery  
  17  1:16  Spawning Pool  
  17  1:18  Extractor  
  15  1:19  Drone x2  
  17  1:45  Drone x2  
  19  1:55  Drone  
  20  2:04  Queen  
  22  2:13  Overlord  
  22  2:14  Overlord  
  22  2:29  Drone x3  
  25  2:35  Queen  
  27  2:40  Queen  
  29  2:49  Zergling x2  
  29  2:50  Drone  
  31  3:14  Drone x5  
  31  3:15  Drone x2  
  31  3:16  Pneumatized Carapace  
  38  3:30  Overlord  
  38  3:31  Overlord  
  38  3:34  Metabolic Boost  
  38  3:39  Overlord  
  38  3:48  Queen  
  40  4:00  Zergling x2  
  40  4:01  Zergling x4  
  42  4:15  Drone x3  
  42  4:16  Drone x3  
  42  4:17  Drone  
  49  4:18  Drone  
  50  4:29  Drone  
  50  4:30  Drone  
  52  4:46  Drone  
  53  4:53  Hatchery  
  53  4:56  Extractor  
  51  5:05  Evolution Chamber  
  50  5:07  Evolution Chamber  
  49  5:25  Drone x2  
  51  5:36  Zerg Missile Weapons Level 1, Zerg Melee Weapons Level 1  
  51  5:46  Roach Warren  
  51  5:47  Lair  
  50  6:41  Zergling x8  
  50  6:44  Roach x3  
  50  6:45  Roach x3  
  66  7:07  Overlord x3  
  66  7:14  Overlord  
  66  7:15  Overlord x3  
  66  7:23  Extractor  
  66  7:25  Queen  
  66  7:26  Extractor  
  66  7:31  Glial Reconstitution  
  66  7:43  Drone x3  
  69  7:45  Drone x6  
  75  8:10  Zergling x6, Unknown  
  75  8:11  Zergling x10  
  83  8:22  Zerg Melee Weapons Level 2  
  83  8:25  Zerg Ground Armor Level 1  
  83  8:32  Drone x5  
  83  8:33  Drone  
  89  8:35  Unknown  
  89  8:42  Unknown  
  88  8:49  Tunneling Claws  
  83  9:10  Hydralisk Den  
  83  9:16  Drone x3  
  76  9:54  Drone  
  76  9:55  Hydralisk x5  
  76  9:56  Hydralisk x7  
  76  9:57  Hydralisk x5  
  111  10:00  Drone  
  111  10:01  Drone x5  
  111  10:02  Unknown  
  117  10:07  Extractor  
  117  10:10  Extractor  
  115  10:17  Hatchery  
  115  10:19  Queen  
  115  10:20  Unknown  
  116  10:29  Infestation Pit  
  116  10:32  Muscular Augments  
  115  10:47  Queen  
  117  11:03  Drone  
  118  11:15  Drone x2  
  120  11:23  Overlord  
  120  11:24  Overlord x2  
  120  11:41  Unknown  
Show
View Real Time Build Order
Export as new Build Order

A.I. 1 (Very Easy) Zerg 

Build Orders: Pool First 

Get SALT Encoding   

  12  0:00  Drone  
  13  0:12  Overlord  
  13  0:16  Drone  
  14  0:36  Spawning Pool  
  14  0:37  Extractor  
  14  0:41  Drone  
  13  0:48  Drone  
  14  0:53  Overlord  
  14  1:23  Zergling x2  
  14  1:25  Queen  
  17  1:33  Roach Warren  
  17  1:37  Drone  
  17  1:40  Extractor  
  17  1:41  Zergling x2  
  17  1:45  Drone  
  18  1:59  Zergling x2, Drone  
  20  2:09  Drone  
  21  2:20  Drone  
  22  2:31  Drone  
  22  2:32  Overlord  
  23  2:38  Drone  
  24  2:45  Drone  
  25  3:55  Zergling x2  
  25  5:41  Drone, Lair  
  26  5:48  Drone  
  26  5:49  Zergling x2  
  27  5:55  Drone  
  28  6:03  Drone  
  29  6:04  Overlord  
  29  6:10  Drone  
  30  6:17  Drone  
  31  6:24  Zergling x2  
  31  6:42  Overseer  
  31  6:43  Overseer  
  31  6:45  Spire  
  30  6:58  Zergling x2  
  30  7:21  Hatchery  
  30  7:22  Drone  
  30  7:24  Zergling x2  
  30  7:42  Overlord, Overseer  
  30  7:57  Mutalisk  
  33  8:27  Zergling x2  
  31  8:45  Queen  
  28  8:52  Hatchery  
  29  8:55  Roach  
  27  9:23  Drone  
  24  9:24  Zergling x2  
  24  9:29  Spire  
  24  9:30  Drone  
  17  9:38  Drone  
  17  9:45  Drone  
  18  9:53  Zergling x2, Drone  
  20  10:00  Drone  
  21  10:07  Drone  
  21  10:13  Extractor  
  21  10:14  Drone  
  21  10:17  Zergling x2  
  23  10:21  Drone  
  23  10:23  Extractor  
  23  10:29  Drone  
  24  10:36  Drone  
  25  10:43  Drone, Pneumatized Carapace  
  25  10:45  Overseer  
  25  10:46  Roach Warren  
  25  10:48  Hydralisk Den  
  24  10:50  Drone  
  25  10:58  Drone  
  25  10:59  Zergling x2, Overseer  
  25  11:00  Overlord  
  22  11:06  Drone  
  16  11:13  Drone  
  16  11:18  Hydralisk  
  17  11:20  Drone  
  20  11:27  Drone  
  21  11:34  Drone  
  21  11:37  Roach  
  24  11:42  Drone  
  24  11:49  Drone  
  24  11:53  Overlord  
  23  11:56  Drone, Hatchery  
  18  12:04  Drone  
Tags
 
Matchup
ZvZ
Race
Zerg
Replay Pack
Last Remnant (2)
Spawn Locations
Cross Positions
Add a new tag
Caveats
  • Supply blocks, unpowered buildings, or Contaminate may cause inaccurate times.
  • Supply counts are checked every 10 seconds.